 Dungeon Crawl Stone Soup version 0.26-a0-651-gb41185065b (webtiles) character file.

Game seed: 10687342293301204125

62804 Irenicus the Earth Mage (level 14, 0/102 HPs)
             Began as a Deep Dwarf Earth Elementalist on Oct 24, 2020.
             Was a High Priest of Makhleb.
             Slain by a lorocyproca (21 damage)
             ... in a wizard's laboratory.
             The game lasted 01:15:15 (6694 turns).

Irenicus the Earth Mage (DDEE)                      Turns: 6694, Time: 01:15:16

Health: 0/102      AC: 11    Str: 13    XL:     14   Next: 65%
Magic:  5/39 (30)  EV: 18    Int: 30    God:    Makhleb [*****.]
Gold:   223        SH:  5    Dex: 17    Spells: 21/37 levels left

rFire    . . .     SeeInvis +   P - staff of cold {rC+}
rCold    . . .     Faith    .   b - +0 buckler
rNeg     + + .     Spirit   .   E - +3 leather armour of the Yeti {Str+2}
rPois    .         Reflect  .   O - +2 hat {Int+3}
rElec    +         Harm     .   (no cloak)
rCorr    +         Rampage  .   c - +1 pair of gloves
MR       +....                  s - +0 pair of boots of Kowie {rC- rCorr MP+9 Str-5}
Stlth    ++........             n - amulet of magic regeneration
HPRegen  0.00/turn              N - ring of Hydog {Str+4 Int+6 Dex+4}
MPRegen  0.51/turn              m - ring of Haunesm {rElec rN+ EV+4 SInv}

@: brilliant, vulnerable, non-regenerating, hasted, lightly drained, very quick
A: damage resistance, heal wounds, negative energy resistance 1, sense
surroundings 2, no regeneration
a: Heal Wounds, Minor Destruction, Lesser Servant of Makhleb, Major Destruction,
Greater Servant of Makhleb, Renounce Religion


You were in a wizard's laboratory.
You worshipped Makhleb.
Makhleb was extremely pleased with you.
You visited 4 branches of the dungeon, and saw 17 of its levels.
You also visited: Sewer, Gauntlet and Wizlab.

You collected 1903 gold pieces.
You spent 1680 gold pieces at shops.

Inventory:

Hand Weapons
 d - a +4 dagger of chaos
   (You took it off a crimson imp on level 3 of the Dungeon)
 i - a +2 short sword of venom
   (You took it off a kobold on level 1 of the Dungeon)
Missiles
 a - 16 stones (quivered)
Armour
 b - a +0 buckler (worn)
   (You took it off a deep elf knight on level 1 of the Elven Halls)
 c - a +1 pair of gloves (worn)
   (You bought it in a shop on level 5 of the Dungeon)
 s - the +0 pair of boots of Kowie (worn) {rC- rCorr MP+9 Str-5}
   (You acquired it on level 8 of the Dungeon)

   It affects your strength (-5).
   It makes you vulnerable to cold.
   It affects your magic capacity (+9).
   It provides partial protection from all sources of acid and corrosion.
 D - a +2 ring mail of fire resistance
   (You found it on level 7 of the Dungeon)
 E - the +3 leather armour of the Yeti (worn) {Str+2}
   (You took it off an orc on level 8 of the Dungeon)

   It affects your strength (+2).
 G - a cursed +0 leather armour
   (You found it on level 9 of the Dungeon)
 O - a +2 hat of intelligence (worn)
   (You found it in a Gauntlet)
Magical Staves
 P - an uncursed staff of cold (weapon) {rC+}
   (You found it in a Gauntlet)
 R - an uncursed staff of fire {rF+}
   (You took it off a minotaur in a Gauntlet)
Jewellery
 f - an uncursed ring of protection from magic {MR+, !d}
   (You found it on level 1 of the Dungeon)
 m - the ring of Haunesm (right hand) {rElec rN+ EV+4 SInv}
   (You found it on level 6 of the Dungeon)

   [ring of evasion]

   It affects your evasion (+4).
   It insulates you from electricity.
   It protects you from negative energy.
   It lets you see invisible.
 n - an amulet of magic regeneration (around neck)
   (You took it off a kobold on level 2 of the Dungeon)
 r - an uncursed ring of fire {rF+, rC-}
   (You found it on level 3 of the Dungeon)
 A - a +6 ring of intelligence
   (You found it on level 7 of the Dungeon)
 N - the ring of Hydog (left hand) {Str+4 Int+6 Dex+4}
   (You found it in a Gauntlet)

   [ring of intelligence]

   It affects your strength (+4).
   It affects your intelligence (+6).
   It affects your dexterity (+4).
Wands
 y - a wand of iceblast (11)
   (You found it on level 7 of the Dungeon)
 B - a wand of paralysis (7)
   (You found it on level 7 of the Dungeon)
Scrolls
 e - 2 scrolls of fear
 g - 6 scrolls of teleportation
 h - 3 scrolls of enchant armour
 p - a scroll of magic mapping {!r}
 v - 3 scrolls of remove curse
 w - 3 scrolls of blinking {!r}
 x - 3 scrolls of amnesia
 z - 4 scrolls of fog {unknown}
 C - a scroll of immolation {!r}
 F - a scroll of vulnerability {!r!r}
 T - a scroll of holy word {!r}
Potions
 k - a potion of might
 l - 3 potions of haste
 q - 2 potions of lignification {!q}
 t - a potion of curing
 H - a potion of berserk rage {!q}
 I - a potion of stabbing
 J - a potion of magic
 M - a potion of mutation {!q}
 Q - 2 potions of heal wounds
Miscellaneous
 K - a lightning rod (4/4)
   (You found it on level 10 of the Dungeon)
 S - a box of beasts (inert)
   (You found it in a Gauntlet)


   Skills:
 - Level 5.0(4.9) Dodging
 - Level 2.4(2.3) Stealth
 - Level 4.0(3.9) Shields
 - Level 12.0(11.9) Spellcasting
 - Level 4.2(4.1) Conjurations
 - Level 10.0(9.8) Necromancy
 - Level 0.8(0.7) Transmutations
 + Level 19.7(19.6) Earth Magic
 - Level 12.0(11.9) Evocations


You had 21 spell levels left.
You knew the following spells:

 Your Spells              Type           Power        Failure   Level
a - Sandblast             Erth           ######       0%          1
b - Vampiric Draining     Necr           #######...   1%          3
r - Sublimation of Blood  Necr           #######...   1%          2
w - Passwall              Tmut/Erth      #######.     1%          2
x - Stone Arrow           Conj/Erth      ######       1%          3
z - Lee's Rapid Deconstr  Erth           ########..   1%          5

Your spell library contained the following spells:

 Spells                   Type           Power        Failure   Level
 Animate Skeleton         Necr           ######       1%          1
 Pain                     Necr           ####         1%          1
 Animate Dead             Necr           #######...   1%          4
 Leda's Liquefaction      Hex/Erth       #######...   1%          4
 Petrify                  Tmut/Erth      #######.     1%          4
 Agony                    Necr           #######.     1%          5
 Corona                   Hex            ####...      3%          1
 Slow                     Hex            ####....     5%          2
 Ignite Poison            Fire/Tmut/Pois ####....     10%         3
 Inner Flame              Hex/Fire       ####....     11%         3
 Portal Projectile        Hex/Tloc       ####..       11%         3
 Cause Fear               Hex            ####......   36%         4
 Irradiate                Conj/Tmut      #####.....   36%         5
 Alistair's Intoxication  Tmut/Pois      ####.....    65%         5
 Eringya's Noxious Bog    Tmut/Pois      ####......   99%         6


Dungeon Overview and Level Annotations

Branches:
Dungeon (11/15)            Temple (1/1) D:5             Orc (2/2) D:11
    Elf (3/3) Orc:2         Sewer (visited)          WizLab (1/1)
Gauntlet (visited)
   Lair: D:8-11

Altars:
Ashenzari
Cheibriados
Dithmenos
Elyvilon
Fedhas
Gozag
Hepliaklqana
Kikubaaqudgha
Makhleb
Nemelex Xobeh
Okawaru
Qazlal
Ru
Sif Muna
Trog
Uskayaw
Vehumet
Wu Jian
Xom
Yredelemnul
The Shining One

Shops:
D:5 [   Orc:2 *:?(

Annotations:
D:6 1 runed translucent door, akrivosticles's ghost, novice DEFE
D:7 exclusion: downstairs
D:10 3 runed translucent doors, EnegeticOcto's ghost, novice DDDe


Innate Abilities, Weirdness & Mutations

You are resistant to damage.
You can heal yourself by infusing magical energy.
You resist negative energy. (rN+)
You passively map the area around you.
You do not regenerate.


Message History

You hear a chilling moan.
A sun demon comes into view.
You now have 7/39 mp.
Casting: Lee's Rapid Deconstruction (safe; 1% risk of failure)
Confirm with . or Enter, or press ? or * to list all spells.
Press: ? - help, Shift-Dir - straight line, f - rust devil
Aim: a rust devil (almost dead)
The stone arrow misses the rust devil.
The rust devil hits you.
You take 1 damage, and have 85/102 hp.
You now have 4/39 mp.
Casting: Stone Arrow (safe; 1% risk of failure)
Confirm with . or Enter, or press ? or * to list all spells.
Aiming: Sandblast (safe; 0% risk of failure)
Press: ? - help, Shift-Dir - straight line, f/p - rust devil
Aim: a rust devil (almost dead)
The blast of sand hits the rust devil!!
You kill the rust devil!
Makhleb accepts your kill.
a - 16 stones
Casting: Sandblast (safe; 0% risk of failure)
Confirm with . or Enter, or press ? or * to list all spells.
You draw magical energy from your own body!
You take 3 damage, and have 82/102 hp.
Casting: Sublimation of Blood (safe; 1% risk of failure)
Confirm with . or Enter, or press ? or * to list all spells.
You draw magical energy from your own body!
The sun demon hits you!!
You are engulfed in flames!
You take 36 damage, and have 46/102 hp.
MASSIVE DAMAGE!!
You regained 8 mp, and now have 12/39 mp.
A neqoxec comes into view.
Evoke which item? (* to show all) (? for menu, Esc to quit)
Press: ? - help, Shift-Dir - straight line, f - sun demon
Aim: a sun demon (chance to defeat MR: 25%)
Okay, then.
Press: ? - help, v - describe, . - travel
Here: a soul eater The floor.
Casting: Sublimation of Blood (safe; 1% risk of failure)
Confirm with . or Enter, or press ? or * to list all spells.
Press: ? - help, Dir - move target cursor A black wall.
Okay, then.
Evoke which item? (* to show all) (? for menu, Esc to quit)
Press: ? - help, Shift-Dir - straight line
Okay, then.
Press: ? - help, v - describe, . - travel, g - get item
Here: a sun demon Item here: a +0 trident.
The floor.
Evoke which item? (* to show all) (? for menu, Esc to quit)
Press: ? - help, Shift-Dir - straight line, f - sun demon
Aim: a sun demon The mass of ice explodes!
The iceblast engulfs the sun demon!
The sun demon is frozen!
The sun demon is moderately wounded.
You hear a roar! x2
The sun demon hits you!
You are engulfed in flames!
* * * LOW HITPOINT WARNING * * *
You take 19 damage, and have 27/102 hp.
Casting: Lee's Rapid Deconstruction (safe; 1% risk of failure)
Confirm with . or Enter, or press ? or * to list all spells.
Press: ? - help, Dir - move target cursor, p - sun demon A black wall.
The wall shatters!
The blast of rock fragments hits the lorocyproca!!
The lorocyproca is moderately wounded.
You hear a screech!
A sixfirhy comes into view.
You now have 9/39 mp.
Casting: Lee's Rapid Deconstruction (safe; 1% risk of failure)
Confirm with . or Enter, or press ? or * to list all spells.
Aiming: Lee's Rapid Deconstruction (safe; 1% risk of failure)
Press: ? - help, Dir - move target cursor A black wall.
Okay, then.
Evoke which item? (* to show all) (? for menu, Esc to quit)
Okay, then.
You feel clever all of a sudden. The sixfirhy hits you!
* * * LOW HITPOINT WARNING * * *
The sixfirhy shocks you. You resist. The sixfirhy barely misses you.
The lorocyproca hits you but does no damage.
The sixfirhy closely misses you.
You take 7 damage, and have 20/102 hp.
Casting: Lee's Rapid Deconstruction (safe; 1% risk of failure)
Confirm with . or Enter, or press ? or * to list all spells.
Aiming: Lee's Rapid Deconstruction (safe; 1% risk of failure)
Press: ? - help, Dir - move target cursor A black wall.
You feel a surge of power!
The wall shatters!
The blast of rock fragments hits the lorocyproca!!!
The lorocyproca is almost dead.
The blast of rock fragments hits the sixfirhy!!!
You kill the sixfirhy!
Makhleb accepts your kill.
You feel better.
You hear a roar!
The soul eater hits you!
* * * LOW HITPOINT WARNING * * *
You partially resist.
You feel drained. The lorocyproca hits you!!
You die...

#* ########### * **#.
#83..∩...8# ** * ,...
#@3.3.....# , *, ....
*#2.##.##..# * , .....
#)##...# .# , ,, *,
,......##....#.3.,#*
..4.......#...#.. , ,
,
,..4.........∩......,,
, *
......##..#...#..##,,
, ,...... #....#... #
,, , * 2.... #.##..,##
* ,, ,


You could see a lorocyproca (invisible), a soul eater, a sun demon and a
neqoxec.

Vanquished Creatures
  An orc warlord (Orc:2)
  A deep elf elementalist (Elf:2)
  A minotaur (Gauntlet)
  2 deep elf death magi (Elf:1)
  4 ogre magi (Orc:2)
  Erica (D:8)
  13 two-headed ogres
  4 dancing weapons
  An orc high priest (Elf:1)
  5 deep elf knights
  2 sixfirhies (WizLab)
  A glowing orange brain (D:10)
  3 deep elf archers
  A lindwurm (shapeshifter) (Elf:2)
  30 deep elf magi
  8 ugly things
  2 orc sorcerers (Orc:2)
  2 rust devils (WizLab)
  An efreet (Gauntlet)
  A tormentor (WizLab)
  A jumping spider (shapeshifter) (Elf:1)
  A red devil (WizLab)
  A wolf spider simulacrum (Gauntlet)
  5 trolls
  A hornet (D:9)
  2 hippogriffs
  2 centaur simulacra (Gauntlet)
  Sigmund (D:3)
  A wyvern (D:10)
  3 air elementals
  Eustachio (D:4)
  2 humans (D:9)
  A water elemental (Elf:1)
  4 yaks (D:11)
  2 fire elementals (Gauntlet)
  5 wargs
  3 hell hounds (Gauntlet)
  A water moccasin (D:11)
  A hydra simulacrum (Gauntlet)
  A black bear (D:11)
  12 orc warriors
  4 sky beasts
  24 ogres
  3 phantoms
  9 centaurs
  A necrophage (D:10)
  A big kobold (D:9)
  8 bullfrogs
  3 scorpions
  7 wights
  7 killer bees
  3 howler monkeys (D:8)
  An electric eel (D:7)
  4 crimson imps (D:3)
  3 centaur zombies
  A bullfrog zombie (D:10)
  4 quasits
  5 hounds
  5 jellies
  3 bullfrog skeletons
  12 orc priests
  A centaur skeleton (D:11)
  Terence (D:3)
  5 iguanas
  Natasha (twice) (D:3)
  15 orc wizards
  9 worker ants
  2 hound skeletons
  A howler monkey zombie (D:5)
  18 adders
  3 gnolls (D:5)
  2 ufetubi
  An ooze (D:5)
  9 worms
  3 dart slugs
  7 leopard geckos
  87 orcs
  4 bats
  A bat zombie (D:4)
  5 giant cockroaches
  9 hobgoblins
  4 jackals
  4 quokkas
  7 ball pythons
  9 frilled lizards
  8 goblins
  18 kobolds
  2 quokka skeletons
  12 rats
  2 rat zombies (D:4)
494 creatures vanquished.

Vanquished Creatures (collateral kills)
  A deep elf sorcerer (Elf:2)
  5 two-headed ogres (Orc:2)
  A dancing weapon (Elf:2)
  2 deep elf knights (Elf:2)
  An orc knight (Orc:2)
  An orc sorcerer (Orc:2)
  4 deep elf magi
  2 trolls (Orc:2)
  A warg (Orc:2)
  An orc warrior (Orc:2)
  4 ogres (Orc:2)
  2 orc priests (Orc:2)
  6 orcs (Orc:2)
31 creatures vanquished.

Vanquished Creatures (others)
  8 demonic plants (Gauntlet)
  A plant (D:2)
9 creatures vanquished.

Grand Total: 534 creatures vanquished

Notes
Turn   | Place    | Note
-------+----------+-------------------------------------------
     0 | D:1      | Irenicus the Deep Dwarf Earth Elementalist began the quest
                  | for the Orb.
     0 | D:1      | Reached XP level 1. HP: 15/15 MP: 3/3
   117 | D:1      | Reached XP level 2. HP: 22/22 MP: 0/4
   129 | D:1      | Reached skill level 5 in Earth Magic
   407 | D:1      | Learned a level 2 spell: Passwall
   534 | D:2      | Reached XP level 3. HP: 25/28 MP: 2/5
   576 | D:2      | Reached skill level 6 in Earth Magic
   722 | D:2      | Reached XP level 4. HP: 14/36 MP: 2/6
   794 | D:2      | Reached skill level 7 in Earth Magic
   880 | D:3      | Noticed Natasha
   883 | D:3      | Killed Natasha
   926 | D:3      | Noticed Terence
   931 | D:3      | HP: 8/36 [Terence/+0 short sword (3)]
   934 | D:3      | Killed Terence
   934 | D:3      | Reached XP level 5. HP: 10/42 MP: 1/7
   944 | D:3      | Reached skill level 8 in Earth Magic
  1071 | D:3      | Found a shimmering altar of Xom.
  1077 | D:3      | HP: 8/42 [crimson imp (2)]
  1080 | D:3      | Reached skill level 9 in Earth Magic
  1080 | D:3      | Reached XP level 6. HP: 9/49 MP: 0/8
  1144 | D:3      | Noticed Sigmund
  1145 | D:3      | Noticed Natasha
  1155 | D:3      | Killed Sigmund
  1155 | D:3      | Reached skill level 10 in Earth Magic
  1155 | D:3      | Reached XP level 7. HP: 34/55 MP: 1/9
  1162 | D:3      | Killed Natasha
  1208 | D:3      | ok, I had magic regen in my inv since D2
  1301 | D:4      | Learned a level 5 spell: Lee's Rapid Deconstruction
  1363 | D:4      | Found an ancient bone altar of Kikubaaqudgha.
  1471 | D:4      | Found a glowing drain.
  1478 | Sewer    | Entered a sewer
  1546 | Sewer    | Reached skill level 2 in Spellcasting
  1734 | D:4      | HP: 13/55 [iguana (3)]
  1735 | D:4      | Reached skill level 3 in Spellcasting
  1741 | D:4      | Learned a level 3 spell: Stone Arrow
  1757 | D:4      | Noticed Eustachio
  1769 | D:4      | Killed Eustachio
  1769 | D:4      | Reached skill level 11 in Earth Magic
  1909 | D:5      | Entered Level 5 of the Dungeon
  1926 | D:5      | HP: 11/55 [phantom (2)]
  1935 | D:5      | HP: 6/55 [phantom (5)]
  1937 | D:5      | Reached XP level 8. HP: 13/62 MP: 5/12
  1939 | D:5      | Reached skill level 12 in Earth Magic
  1954 | D:5      | HP: 3/62 [adder (2)]
  2008 | D:5      | Found an opulent altar of Gozag.
  2011 | D:5      | Found a staircase to the Ecumenical Temple.
  2018 | Temple   | Entered the Ecumenical Temple
  2219 | D:5      | Found Hemag's Antique Armour Shop.
  2222 | D:5      | Bought a pair of embroidered gloves for 195 gold pieces
  2260 | D:5      | Found a hazy altar of Hepliaklqana.
  2266 | D:5      | Found a stormy altar of Qazlal.
  2429 | D:6      | Reached skill level 13 in Earth Magic
  2441 | D:6      | Found a runed translucent door.
  2441 | D:6      | Found a shimmering altar of Xom.
  2441 | D:6      | Noticed akrivosticles's ghost (novice DEFE)
  2441 | D:6      | Noticed a +1 scimitar of chaos
  2467 | D:6      | Got a bound platinum ring
  2468 | D:6      | Identified the ring of Haunesm {rElec rN+ EV+4 SInv} (You
                  | found it on level 6 of the Dungeon)
  2481 | D:6      | HP: 2/62 [quasit (1)]
  2695 | D:7      | Reached skill level 14 in Earth Magic
  2794 | D:7      | HP: 10/62 [centaur/arrow (9)]
  2795 | D:7      | Gained mutation: You passively map the area around you.
                  | [Deep Dwarf growth]
  2795 | D:7      | Reached XP level 9. HP: 11/68 MP: 7/13
  2840 | D:8      | Noticed a two-headed ogre
  2847 | D:7      | HP: 7/68 [orc priest/+0 hand axe (4)]
  2951 | D:8      | Identified a scroll of acquirement
  2951 | D:8      | Acquired the +0 pair of boots of Kowie {rC- rCorr MP+9
                  | Str-5}
  3004 | D:8      | HP: 6/68 [scorpion (1)]
  3005 | D:8      | Reached skill level 15 in Earth Magic
  3008 | D:8      | Identified the +3 leather armour of the Yeti {Str+2}
  3088 | D:8      | Noticed a two-headed ogre
  3089 | D:8      | Noticed Erica
  3091 | D:8      | HP: 5/68 [orc priest/divine providence (10)]
  3102 | D:8      | Killed a two-headed ogre
  3102 | D:8      | Reached skill level 4 in Spellcasting
  3102 | D:8      | Reached skill level 3 in Conjurations
  3102 | D:8      | Killed Erica
  3102 | D:8      | Reached skill level 5 in Spellcasting
  3102 | D:8      | Reached skill level 4 in Conjurations
  3123 | D:8      | Reached XP level 10. HP: 6/75 MP: 14/18
  3138 | D:8      | Learned a level 3 spell: Vampiric Draining
  3201 | D:8      | Reached skill level 1 in Necromancy
  3244 | D:8      | Reached skill level 2 in Necromancy
  3267 | D:8      | Noticed a two-headed ogre
  3277 | D:8      | Killed a two-headed ogre
  3277 | D:8      | Reached skill level 4 in Necromancy
  3363 | D:9      | Reached skill level 5 in Necromancy
  3385 | D:9      | Reached skill level 6 in Necromancy
  3436 | D:9      | Reached skill level 7 in Necromancy
  3555 | D:9      | Found an iron altar of Okawaru.
  3563 | D:9      | Reached skill level 8 in Necromancy
  3598 | D:9      | Noticed a two-headed ogre
  3609 | D:9      | Killed a two-headed ogre
  3609 | D:9      | Reached skill level 9 in Necromancy
  3761 | D:9      | Reached XP level 11. HP: 80/81 MP: 10/19
  3777 | D:9      | Found a burning altar of Makhleb.
  3782 | D:9      | Became a worshipper of Makhleb the Destroyer
  3835 | D:10     | Entered Level 10 of the Dungeon
  3867 | D:10     | Reached skill level 10 in Necromancy
  3892 | D:10     | Reached skill level 6 in Spellcasting
  4020 | D:10     | Reached * piety under Makhleb
  4117 | D:10     | Reached skill level 7 in Spellcasting
  4256 | D:10     | Found a runed translucent gate.
  4256 | D:10     | Noticed a red ugly thing
  4257 | D:10     | Noticed a brown ugly thing
  4258 | D:10     | Found a runed translucent gate.
  4258 | D:10     | Found a runed translucent gate.
  4258 | D:10     | Noticed a glowing orange brain
  4258 | D:10     | Noticed a purple ugly thing
  4258 | D:10     | Noticed a purple ugly thing
  4259 | D:10     | Noticed a white ugly thing
  4260 | D:10     | Noticed a brown ugly thing
  4293 | D:10     | Killed a green ugly thing
  4293 | D:10     | Killed a green ugly thing
  4295 | D:10     | Killed a purple ugly thing
  4295 | D:10     | Reached skill level 8 in Spellcasting
  4295 | D:10     | Killed a white ugly thing
  4295 | D:10     | Killed a purple ugly thing
  4296 | D:10     | Killed a white ugly thing
  4296 | D:10     | Killed a glowing orange brain
  4296 | D:10     | Reached skill level 9 in Spellcasting
  4299 | D:10     | Found a runed translucent gate.
  4299 | D:10     | Found a runed translucent gate.
  4302 | D:10     | Found a runed translucent gate.
  4306 | D:10     | Noticed EnegeticOcto's ghost (novice DDDe)
  4454 | D:11     | Noticed a green ugly thing
  4455 | D:11     | Noticed a purple ugly thing
  4465 | D:11     | Killed a purple ugly thing
  4465 | D:11     | Killed a green ugly thing
  4472 | D:11     | Reached ** piety under Makhleb
  4503 | D:11     | HP: 17/81 [orc priest/divine providence (14)]
  4511 | D:11     | HP: 4/81 [orc priest/divine providence (15)]
  4512 | D:11     | Reached skill level 1 in Evocations
  4556 | D:11     | Found a staircase to the Orcish Mines.
  4622 | D:11     | Found a gate leading to a gauntlet.
  4669 | D:11     | Reached skill level 2 in Evocations
  4676 | D:11     | Noticed a two-headed ogre
  4681 | D:11     | Killed a two-headed ogre
  4681 | D:11     | Reached skill level 3 in Evocations
  4683 | D:11     | Reached XP level 12. HP: 88/88 MP: 4/25
  4708 | Gauntlet | Entered a Gauntlet
  4708 | Gauntlet | Found a transporter.
  4708 | Gauntlet | Found a transporter.
  4708 | Gauntlet | Found a transporter.
  4709 | Gauntlet | Found a transporter.
  4712 | Gauntlet | Found a transporter.
  4714 | Gauntlet | Found a large runed translucent door.
  4715 | Gauntlet | Found a large runed translucent door.
  4716 | Gauntlet | Found a large runed translucent door.
  4716 | Gauntlet | Found a large runed translucent door.
  4716 | Gauntlet | Found a runed translucent door.
  4716 | Gauntlet | Found a runed translucent door.
  4717 | Gauntlet | Found a large runed translucent door.
  4717 | Gauntlet | Found a large runed translucent door.
  4717 | Gauntlet | Found a large runed translucent door.
  4717 | Gauntlet | Found a large runed translucent door.
  4718 | Gauntlet | Found a large runed translucent door.
  4718 | Gauntlet | Found a large runed translucent door.
  4718 | Gauntlet | Found a large runed translucent door.
  4719 | Gauntlet | Found a large runed translucent door.
  4723 | Gauntlet | Found a large runed translucent door.
  4723 | Gauntlet | Found a large runed translucent door.
  4724 | Gauntlet | Found a runed translucent gate.
  4724 | Gauntlet | Found a runed translucent gate.
  4724 | Gauntlet | Found a runed translucent gate.
  4725 | Gauntlet | Noticed a tengu warrior
  4726 | Gauntlet | Found a transporter.
  4732 | Gauntlet | Found a transporter.
  4744 | Gauntlet | Found a large runed translucent door.
  4745 | Gauntlet | Found a large runed translucent door.
  4747 | Gauntlet | Found a transporter.
  4756 | Gauntlet | Noticed a tengu warrior
  4758 | Gauntlet | Found a transporter.
  4774 | Gauntlet | Found a transporter.
  4782 | Gauntlet | Found a transporter.
  4801 | Gauntlet | Found a transporter.
  4841 | Gauntlet | Reached skill level 4 in Evocations
  4842 | Gauntlet | Reached *** piety under Makhleb
  4856 | Gauntlet | Got a fine lapis lazuli ring
  4858 | Gauntlet | Identified the ring of Hydog {Str+4 Int+6 Dex+4} (You found
                  | it in a Gauntlet)
  4874 | Gauntlet | Reached skill level 10 in Spellcasting
  4877 | Gauntlet | Reached skill level 5 in Evocations
  4934 | Gauntlet | Noticed a minotaur
  4936 | Gauntlet | Killed a minotaur
  5069 | D:11     | Reached skill level 6 in Evocations
  5273 | Orc:1    | Entered Level 1 of the Orcish Mines
  5433 | Orc:1    | Reached **** piety under Makhleb
  5457 | Orc:2    | Entered Level 2 of the Orcish Mines
  5493 | Orc:2    | Reached skill level 7 in Evocations
  5515 | Orc:2    | Found a staircase to the Elven Halls.
  5519 | Orc:2    | Noticed an orc warlord
  5530 | Orc:2    | Noticed a two-headed ogre
  5531 | Orc:2    | Reached skill level 3 in Dodging
  5533 | Orc:2    | Noticed an ogre mage
  5537 | Orc:2    | Killed an orc warlord
  5538 | Orc:2    | Reached skill level 4 in Dodging
  5540 | Orc:2    | Killed an ogre mage
  5540 | Orc:2    | Killed a two-headed ogre
  5540 | Orc:2    | Reached skill level 5 in Dodging
  5540 | Orc:2    | Noticed a two-headed ogre
  5541 | Orc:2    | Reached skill level 11 in Spellcasting
  5541 | Orc:2    | Noticed a two-headed ogre
  5542 | Orc:2    | Noticed a two-headed ogre
  5543 | Orc:2    | Noticed a two-headed ogre
  5544 | Orc:2    | Noticed a two-headed ogre
  5544 | Orc:2    | Noticed a two-headed ogre
  5545 | Orc:2    | Noticed a two-headed ogre
  5547 | Orc:2    | Killed a two-headed ogre
  5549 | Orc:2    | Killed a two-headed ogre
  5549 | Orc:2    | Reached skill level 8 in Evocations
  5551 | Orc:2    | Killed a two-headed ogre
  5551 | Orc:2    | Noticed an ogre mage
  5553 | Orc:2    | Killed a two-headed ogre
  5557 | Orc:2    | Killed a two-headed ogre
  5557 | Orc:2    | Killed a two-headed ogre
  5560 | Orc:2    | Reached skill level 9 in Evocations
  5560 | Orc:2    | Reached XP level 13. HP: 94/94 MP: 0/28
  5616 | Orc:2    | Reached ***** piety under Makhleb
  5616 | Orc:2    | Reached skill level 10 in Evocations
  5764 | Orc:2    | Found Taxicw's Assorted Antiques.
  5764 | Orc:2    | Found Haoqumocs's Magic Scroll Shoppe.
  5765 | Orc:2    | Found Ysur's Book Shoppe.
  5765 | Orc:2    | Found Dood Nur's Antique Weapon Boutique.
  5793 | Orc:2    | Reached skill level 12 in Spellcasting
  5855 | Orc:2    | Reached skill level 11 in Evocations
  5914 | Orc:2    | Bought a brown potion for 21 gold pieces
  5914 | Orc:2    | Bought a wand of iceblast (6) for 96 gold pieces
  5914 | Orc:2    | Bought a scroll labeled KUMPUO TUIRCHA for 24 gold pieces
  5914 | Orc:2    | Bought a scroll labeled REDIL NOEBB for 24 gold pieces
  5916 | Orc:2    | Bought a book of Alchemy for 1200 gold pieces
  5919 | Orc:2    | Learned a level 2 spell: Sublimation of Blood
  5921 | Orc:2    | Bought a scroll of blinking for 120 gold pieces
  5948 | Elf:1    | Entered Level 1 of the Elven Halls
  5965 | Elf:1    | Reached skill level 12 in Evocations
  6008 | Elf:1    | Reached skill level 16 in Earth Magic
  6008 | Elf:1    | Noticed a deep elf death mage
  6010 | Elf:1    | Killed a deep elf death mage
  6013 | Elf:1    | Noticed a deep elf death mage
  6018 | Elf:1    | Killed a deep elf death mage
  6018 | Elf:1    | Reached skill level 17 in Earth Magic
  6042 | Elf:1    | Gained mutation: You resist negative energy. (rN+) [Deep
                  | Dwarf growth]
  6042 | Elf:1    | Reached XP level 14. HP: 84/102 MP: 5/30
  6168 | Elf:1    | Reached skill level 1 in Shields
  6203 | Elf:1    | Reached skill level 2 in Shields
  6282 | Elf:1    | Reached skill level 3 in Shields
  6315 | Elf:1    | Reached skill level 4 in Shields
  6317 | Elf:1    | Reached skill level 18 in Earth Magic
  6359 | Elf:2    | Noticed a deep elf sorcerer
  6368 | Elf:2    | Killed a deep elf sorcerer
  6371 | Elf:2    | HP: 25/102 [deep elf knight/+0 long sword (8)]
  6463 | Elf:2    | Noticed a deep elf elementalist
  6467 | Elf:2    | Killed a deep elf elementalist
  6509 | Elf:2    | Reached skill level 19 in Earth Magic
  6643 | Elf:3    | Entered Level 3 of the Elven Halls
  6647 | Elf:3    | Found a magical portal.
  6654 | WizLab   | Entered The Hall of the Hellbinder
  6693 | WizLab   | HP: 20/102 [sixfirhy (7)]
  6694 | WizLab   | Slain by a lorocyproca

Illustrated notes

, * ##.....h.. , #h.....=..
#######......>.. ,
#.<...#.........,
#.....#......... *
#.....#.........,
#.....#.........
#.....##@### *
#.....##...####### ,,
#.....##.#.#.....# , ,,#
#######................#* .
#......................+ ,
###.#).÷.................#
.##
#.....#)...........>.....#
**...
#.#.####.#...............#
, ####
#.#)..)..###########.....#*
....


Turn 1208 on D:3: ok, I had magic regen in my inv since D2

Levels and vault maps discovered:
D:1:      kilobyte_arrival_exit_the_forest, layout_basic, st_stairs_11
D:2:      cheibrodos_old_hovel, layout_basic, minmay_joined_circles
D:3:      layout_basic, nrook_campfire, led_xom_imps, uniq_terence,
          uniq_sigmund, uniq_natasha
D:4:      layout_cave_pools, lemuel_zombie_altar_kikubaaqudgha,
          lightli_sewer_entry_pipes, uniq_eustachio
D:5:      kennysheep_kobold_camp, layout_basic, lemuel_round_altar,
          overflow_temple_1_default, amethyst_overflow_temple_binary,
          minmay_temple_entry_wispy, serial_shops,
          nicolae_shop_overgrown_old_shop
D:6:      minmay_angry_zag, layout_rooms, ebering_ghost_xom
D:7:      layout_basic, kennysheep_big_empty_room
D:8:      layout_basic, serial_rivers, chequers_serial_rivers_large_a,
          chequers_serial_rivers_micro_c, chequers_serial_rivers_small_3,
          chequers_serial_rivers_micro_c, chequers_serial_rivers_room_b,
          chequers_serial_rivers_small_3, uniq_erica
D:9:      layout_roguey, lightli_temple_of_fire, erik_lair_orcish_takeover,
          okawaru_humans
D:10:     layout_small_grid, ploomutoo_gammafunk_ghost_potion_laboratory,
          minmay_chambers_of_fives
D:11:     layout_layer_cave, hiddenorc2_lemuel, gauntlet_entry_generic,
          st_stairs_6
Temple:   nicolae_temple_elliptical
Orc:1:    layout_caves
Orc:2:    st_orc_ogre_mass, layout_diamond_mine
Elf:1:    elf_arrival_002, layout_loops_ring, minmay_elf_crystal_heptagon
Elf:2:    layout_onion_city, serial_shops, shop
Elf:3:    elf_hall, layout_geoelf_grid, mu_enter_wizlab_6
WizLab:   wizlab_demon

Skill      XL: |  1  2  3  4  5  6  7  8  9 10 11 12 13 14 |
---------------+-------------------------------------------+-----
Earth Magic    | 5 6 7 9 10 11 14 15 17 19 | 19.7
Spellcasting   | 3 5 9 11 12 | 12.0
Conjurations   | 4 |  4.2
Necromancy     | 9 10 | 10.0
Evocations     | 3 9 12 | 12.0
Dodging        | 5 |  5.0
Shields        | 4 |  4.0
Stealth        | |  2.4
Transmutations | |  0.8

Action                   |  1- 3 |  4- 6 |  7- 9 | 10-12 | 13-15 || total
-------------------------+-------+-------+-------+-------+-------++-------
Melee: Unarmed           |    33 |       |       |       |       ||    33
       Short sword       |    27 |    56 |    42 |    67 |       ||   192
       Dagger            |       |       |     3 |       |       ||     3
       Staff             |       |       |       |     5 |     5 ||    10
 Cast: Sandblast         |    38 |    35 |   115 |    33 |    53 ||   274
       Passwall          |     1 |     2 |    14 |     9 |     7 ||    33
       Stone Arrow       |       |       |    25 |   114 |    63 ||   202
       Lee's Rapid Decon |       |       |    10 |    60 |    63 ||   133
       Vampiric Draining |       |       |       |    67 |    20 ||    87
       Sublimation of Bl |       |       |       |       |    10 ||    10
 Abil: Heal Wounds       |       |       |     1 |       |       ||     1
Evoke: Wand              |       |       |     2 |     3 |     5 ||    10
       Lightning rod     |       |       |       |     6 |     1 ||     7
       Box of beasts     |       |       |       |     4 |     6 ||    10
  Use: Potion            |       |     3 |     2 |       |     2 ||     7
       Scroll            |       |       |    14 |     6 |     4 ||    24
 Stab: Sleeping          |       |       |     2 |     1 |       ||     3
Armor: Robe              |    16 |     2 |       |       |       ||    18
       Leather armour    |       |    14 |    26 |    55 |    19 ||   114
       Ring mail         |       |       |     9 |       |       ||     9
Dodge: Dodged            |    65 |    46 |    79 |   196 |    73 ||   459
Block: Buckler           |       |       |       |       |     5 ||     5

Table legend: (Time is in decaauts)
 A = Elapsed time spent in this place.
 B = Non-inter-level travel time spent in this place.
 C = Inter-level travel time spent in this place.
 D = Time resting spent in this place.
 E = Time spent auto-exploring this place.
 F = Levels seen in this place.
 G = Mean time per level.
                   A        B        C        D        E       F      G
               +--------+--------+--------+--------+--------+-----+--------+
         Total |   6744 |   6744 |      0 |      0 |      0 |  20 |  337.2 |
       Dungeon |   4742 |   4742 |      0 |      0 |      0 |  11 |  431.1 |
        Temple |    113 |    113 |      0 |      0 |      0 |   1 |  113.0 |
  Orcish Mines |    677 |    677 |      0 |      0 |      0 |   2 |  338.5 |
   Elven Halls |    706 |    706 |      0 |      0 |      0 |   3 |  235.3 |
         Sewer |    235 |    235 |      0 |      0 |      0 |   1 |  235.0 |
        Wizlab |     31 |     31 |      0 |      0 |      0 |   1 |   31.0 |
      Gauntlet |    238 |    238 |      0 |      0 |      0 |   1 |  238.0 |
               +--------+--------+--------+--------+--------+-----+--------+

Top non-repeatable levels by time:
    D:11: 683 daAuts
    D:10: 515 daAuts
     D:9: 491 daAuts
   Orc:2: 490 daAuts
     D:4: 475 daAuts
   Elf:1: 474 daAuts
     D:8: 458 daAuts
     D:1: 457 daAuts
     D:2: 424 daAuts
     D:7: 388 daAuts
     D:5: 379 daAuts
     D:3: 365 daAuts
Gauntlet: 238 daAuts
   Sewer: 235 daAuts
   Elf:2: 221 daAuts

Table legend:
 A = Kills in this place as a percentage of kills in entire the game.
 B = Kills by you in this place as a percentage of kills by you in the entire game.
 C = Kills by friends in this place as a percentage of kills by friends in the entire game.
 D = Other kills in this place as a percentage of other kills in the entire game.
 E = Experience gained in this place as a percentage of experience gained in the entire game.
 F = Experience gained in this place divided by the number of levels of this place that you have seen.
                   A       B       C       D       E      F
               +-------+-------+-------+-------+-------+----------------------
         Total | 100.0 | 100.0 | 100.0 |   N/A | 100.0 | 4486.0
       Dungeon |  62.7 |  66.6 |   0.0 |   N/A |  25.6 | 2085.9
  Orcish Mines |  18.5 |  15.0 |  74.2 |   N/A |  25.8 | 11593.0
   Elven Halls |  12.4 |  11.5 |  25.8 |   N/A |  41.3 | 12350.3
         Sewer |   3.2 |   3.4 |   0.0 |   N/A |   0.2 | 137.0
        Wizlab |   1.1 |   1.2 |   0.0 |   N/A |   3.4 | 3084.0
      Gauntlet |   2.1 |   2.2 |   0.0 |   N/A |   3.7 | 3318.0
               +-------+-------+-------+-------+-------+----------------------
